 Dungeon Crawl Stone Soup version 0.27-a0-1312-g5cdb2b3542 (webtiles) character file.

Game seed: 2326347404746176620

4106 dickylongcocking the Thaumaturge (level 10, -8/76 HPs)
             Began as a Djinni Summoner on June 20, 2021.
             Was a Follower of Makhleb.
             Mangled by an orc warrior (15 damage)
             ... on level 9 of the Dungeon.
             The game lasted 00:20:30 (18553 turns).

dickylongcocking the Thaumaturge (Djinni Summoner) Turns: 18553, Time: 00:20:31

Health: -8/76      AC:  8    Str:  7    XL:     10   Next: 50%
Gold:   644        EV: 12    Int: 20    God:    Makhleb [*.....] SH:  0 Dex: 14

rFire    + + .     SeeInvis .   J - +8 autumn katana {vorpal, Clar}
rCold    x . .     Faith    .   (no shield)
rNeg     . . .     Spirit   .   m - +2 robe {Archmagi}
rPois    ∞         Reflect  .   k - +0 helmet
rElec    .         Harm     .   (no cloak)
rCorr    .         Rampage  .   G - +2 pair of gloves
Will     +....     Clarity  +   (boots unavailable)
Stlth    ++........             (no amulet)
HPRegen  0.22/turn              (no ring)
MPRegen  0.00/turn              (no ring)

@: flying
A: sickness immunity, fire resistance 2, cold vulnerability 1, float, innate
caster, hp casting, extra vitality 1
a: Renounce Religion


You were on level 9 of the Dungeon.
You worshipped Makhleb.
Makhleb was aware of your devotion.
You visited 1 branch of the dungeon, and saw 9 of its levels.

You collected 644 gold pieces.

Inventory:

Hand Weapons
 c - a +0 club
 e - a +0 dagger
 f - a +0 short sword of electrocution
 i - a +0 spear
 o - a +0 antimagic spear
 J - the +8 autumn katana (weapon) {vorpal, Clar}
   (You acquired it on level 9 of the Dungeon)

   It inflicts extra damage upon your enemies.
   It protects you against confusion.
 K - the +11 demon trident of Celig {freeze, Str+2}
   (You acquired it on level 9 of the Dungeon)

   It has been specially enchanted to freeze those struck by it, causing extra
   injury to most foes and up to half again as much damage against particularly
   susceptible opponents.
   It can also slow down cold-blooded creatures.
   It affects your strength (+2).
Missiles
 h - 3 throwing nets
 p - a curare-tipped dart
Armour
 a - a +0 robe
 k - a +0 helmet (worn)
 l - a +0 robe of fire resistance
 m - a +2 robe of the Archmagi (worn)
 B - a +0 pair of gloves
 D - a +0 buckler
 G - a +2 pair of gloves (worn)
Magical Staves
 b - a staff of cold
 M - a staff of fire
Jewellery
 t - a ring of resist corrosion
 H - a ring of protection from fire
Wands
 n - a wand of iceblast (12)
 z - a wand of flame (15)
Scrolls
 d - 4 scrolls of magic mapping
 g - 3 scrolls of amnesia
 j - a scroll of summoning
 q - a scroll of silence
 s - 3 scrolls of brand weapon
 v - 2 scrolls of vulnerability
 w - 3 scrolls of identify
 I - 2 scrolls of enchant armour
Potions
 r - a potion of cancellation
 x - a potion of haste {unknown}
 A - a potion of flight {unknown}
 C - a potion of might {unknown}
 E - 2 potions of curing
 F - a potion of brilliance {unknown}


   Skills:
 + Level 8.3 Fighting
 * Level 1.4 Long Blades
 - Level 1.7 Polearms
 - Level 2.1 Dodging
 - Level 1.6 Stealth
 * Level 9.5 Spellcasting


You had 2 spell levels left.
You knew the following spells:

 Your Spells              Type           Power      Damage    Failure   Level
a - Summon Small Mammal   Summ           100%       N/A       1%          1
b - Call Imp              Summ           63%        N/A       1%          2
c - Call Canine Familiar  Summ           63%        N/A       1%          3
d - Summon Guardian Gole  Hex/Summ       63%        N/A       1%          3
e - Summon Lightning Spi  Summ/Air       63%        N/A       1%          4
f - Summon Ice Beast      Ice/Summ       63%        N/A       1%          4
g - Foxfire               Conj/Fire      100%       2x1d9     1%          1
h - Wereblood             Tmut           63%        N/A       1%          2
i - Ensorcelled Hibernat  Hex/Ice        100%       N/A       1%          2
j - Fulminant Prism       Conj/Hex       31%        3d16      1%          4
Your spell library was empty.

Dungeon Overview and Level Annotations

Branches:
Dungeon (9/15)             Temple (0/1) D:7             Orc (0/2) D:9
   Lair: D:8-11

Altars:
Cheibriados
Gozag
Kikubaaqudgha
Makhleb
Nemelex Xobeh
Sif Muna
Uskayaw
Wu Jian
Xom
Zin
Beogh

Shops:
D:8 *

Annotations:
D:9 1 runed translucent door, pokeman's ghost, novice DEWz


Innate Abilities, Weirdness & Mutations

You are immune to sickness and miasma.
You are immune to poison.
Your flesh is very heat resistant. (rF++)
You are vulnerable to cold. (rC-)
You float through the air rather than walking.
You learn spells naturally, not from books.
Your magical power is your life essence.
You have superior vitality. (+4 HP)


Message History

The orc warrior barely misses you.
Unknown command.
Unknown command.
What are your orders? t - Shout!
Orders for allies: a - Attack new target. p - Attack previous target. r - Retreat! s - Stop attacking. g - Guard the area. f - Follow me.
Anything else - Cancel.
Gang up on whom?
Press: ? - help, Dir - move target, f/p - orc warrior
Aim: an orc warrior, wielding a +0 trident and wearing a +0 chain mail (severely wounded, ally target) Attack!
The orc priest calls down the wrath of Beogh upon you.
Beogh smites you!
* * * LOW HITPOINT WARNING * * *
The orc warrior hits you from afar with a +0 trident!
* * * LOW HITPOINT WARNING * * *
Your ice beast hits the orc warrior but does no damage.
You hear a shout!
Unknown command.
Unknown command.
Okay, then.
Okay, then.
Okay, then.
Okay, then.
As you read the scroll labelled GATYTAEPP, it crumbles to dust.
Your body is wracked with pain!
* * * LOW HITPOINT WARNING * * *
Your ice beast convulses!
The orc warrior convulses!
Your ice beast convulses!
The orc convulses! x2; The orc priest convulses!
It was a scroll of torment.
The orc warrior hits you from afar with a +0 trident.
* * * LOW HITPOINT WARNING * * *
Your ice beast barely misses the orc warrior.
Unknown command.
You feel better.
The orc warrior hits you from afar with a +0 trident!
You die...

...#...........#.## #.#.#
...###..........#.######.#.#
≈..#
#.#######.###.......#.######
≈..# #.#
##.#.########.......
...###.# ##.################
....##.# #.# #.....#
....##.# #Y# #.....#
.......# #8# #.._..#
...##### #@# .o..o# .....#
#Y# o... ...#.# #o#
###)######## ...#.#
#o###8...8#o...# ##.#.##
#oo.ooo.....##.## ##...###
########.o.>..###(oo##
###....)####.#!P#
##.....#.o.#oo.
......#.#....+=8#
####.##o#..o##
.............#WP# #.##.##.##


You could see an orc warrior (ally target), an orc priest, 2 orcs, 2 friendly
ice beasts and a friendly lightning spire (summoned).

Vanquished Creatures
  An unseen horror (D:7)
  A troll (D:9)
  Sigmund (D:3)
  2 centaurs
  A gnoll sergeant (D:9)
  A howler monkey (D:9)
  2 centaur zombies (D:9)
  2 orc priests
  6 orc wizards
  7 gnolls
  3 adders
  2 worms
  A dart slug (D:2)
  8 orcs
  4 ball pythons
  3 bats
  4 endoplasms
  A giant cockroach (D:4)
  3 goblins (D:2)
  5 hobgoblins
  12 jackals
  4 kobolds
  2 frilled lizards
  4 rats
80 creatures vanquished.

Vanquished Creatures (collateral kills)
  2 two-headed ogres
  Pikel (D:4)
  A wizard (D:9)
  A nameless horror (D:4)
  A wyvern (D:7)
  An acid dragon (D:8)
  2 water moccasins
  4 orc warriors
  An ice beast (D:5)
  A necrophage (D:5)
  5 ogres
  A sky beast (D:7)
  2 centaurs
  A lemure (D:4)
  A kobold brigand (D:4)
  A water moccasin zombie (D:5)
  6 killer bees (D:8)
  4 howler monkeys
  A bullfrog skeleton (D:6)
  A gnoll shaman (D:4)
  8 orc priests
  5 hounds
  An iguana (D:5)
  8 orc wizards
  A howler monkey zombie (D:9)
  25 gnolls (D:4)
  An adder (D:5)
  An ufetubus (D:4)
  2 worms
  A dart slug (D:3)
  37 orcs
  4 endoplasms
  4 goblins
  5 hobgoblins
  8 jackals
  2 kobolds (D:1)
  3 quokkas (D:1)
  7 ball pythons
  3 bats
  A frilled lizard (D:1)
  2 rats (D:1)
  A foxfire (D:4)
168 creatures vanquished.

Vanquished Creatures (others)
  An orc wizard (D:3)
  204 foxfires
  A fulminant prism (D:9)
  3 plants (D:4)
  2 withered plants (D:9)
211 creatures vanquished.

Grand Total: 459 creatures vanquished

Notes
Turn   | Place    | Note
-------+----------+-------------------------------------------
     0 | D:1      | dickylongcocking the Djinni Summoner began the quest for
                  | the Orb.
     0 | D:1      | Reached XP level 1. HP: 15/15 MP: 0/0
   485 | D:1      | Found a faded altar of an unknown god.
   646 | D:1      | Reached XP level 2. HP: 15/21 MP: 0/0
  1806 | D:1      | Reached XP level 3. HP: 17/26 MP: 0/0
  1806 | D:1      | Learned a level 1 spell: Foxfire
  1958 | D:1      | Reached skill level 1 in Fighting
  2908 | D:2      | Reached XP level 4. HP: 26/32 MP: 0/0
  2979 | D:2      | Reached skill level 4 in Spellcasting
  4084 | D:3      | Reached XP level 5. HP: 35/39 MP: 0/0
  4084 | D:3      | Learned a level 2 spell: Wereblood
  4864 | D:3      | Reached XP level 6. HP: 41/46 MP: 0/0
  5583 | D:2      | Noticed a nameless horror
  6171 | D:3      | Found a snail-covered altar of Cheibriados.
  6406 | D:3      | Noticed Sigmund
  6457 | D:3      | Killed Sigmund
  6458 | D:3      | Reached skill level 5 in Spellcasting
  6458 | D:3      | Reached XP level 7. HP: 35/52 MP: 0/0
  6458 | D:3      | Learned a level 2 spell: Ensorcelled Hibernation
  7086 | D:4      | Noticed Pikel
  7140 | D:4      | Killed Pikel
  7569 | D:4      | Noticed a nameless horror
  7749 | D:4      | Reached XP level 8. HP: 47/58 MP: 0/0
  7792 | D:4      | Killed a nameless horror
  8167 | D:4      | Reached skill level 6 in Spellcasting
  8277 | D:4      | Reached skill level 5 in Fighting
 10838 | D:5      | Entered Level 5 of the Dungeon
 11226 | D:5      | Reached skill level 7 in Spellcasting
 11359 | D:5      | Found a sparkling altar of Nemelex Xobeh.
 12501 | D:6      | Reached XP level 9. HP: 33/66 MP: 0/0
 12501 | D:6      | Learned a level 4 spell: Fulminant Prism
 13628 | D:7      | Found a hide-covered altar of Uskayaw.
 13629 | D:7      | Found a shimmering altar of Xom.
 13629 | D:7      | Found a burning altar of Makhleb.
 13631 | D:7      | Found an opulent altar of Gozag.
 13637 | D:7      | Became a worshipper of Makhleb the Destroyer
 13865 | D:7      | Found a staircase to the Ecumenical Temple.
 14013 | D:7      | Found an ornate altar of the Wu Jian Council.
 14147 | D:7      | Killed an unseen horror
 14148 | D:7      | Reached skill level 8 in Spellcasting
 15929 | D:8      | Reached * piety under Makhleb
 16162 | D:8      | Found a glowing silver altar of Zin.
 16280 | D:8      | Found Zeoconui's Overcharged Wands.
 16283 | D:8      | Noticed a two-headed ogre
 16292 | D:8      | Killed a two-headed ogre
 16293 | D:8      | Reached XP level 10. HP: 70/76 MP: 0/0
 16555 | D:9      | Reached skill level 9 in Spellcasting
 16709 | D:9      | Noticed a wizard
 16714 | D:9      | Killed a wizard
 16842 | D:9      | Identified 2 scrolls of acquirement
 16847 | D:9      | Acquired the +11 demon trident of Celig {freeze, Str+2}
 16850 | D:9      | Acquired the +8 autumn katana {vorpal, Clar}
 16851 | D:9      | Found the +8 autumn katana {vorpal, Clar}
 17286 | D:9      | Found a staircase to the Orcish Mines.
 17420 | D:9      | Noticed a two-headed ogre
 17446 | D:9      | Killed a two-headed ogre
 17447 | D:9      | Reached skill level 1 in Polearms
 17820 | D:9      | Reached skill level 1 in Long Blades
 18029 | D:9      | Found a runed translucent door.
 18029 | D:9      | Noticed pokeman's ghost (novice DEWz)
 18552 | D:9      | HP: 1/76 [orc warrior (5)]
 18553 | D:9      | Mangled by an orc warrior

Illustrated notes

Levels and vault maps discovered:
D:1:      elethiomel_arrival_shortcut, layout_basic,
          hellmonk_ecumenical_altar_prayer_group, hangedman_feature_mirror
D:2:      layout_loops_ring, nicolae_underground_beach
D:3:      layout_loops_corners, amcnicky_altar_gilded, minmay_tree_intersection,
          chequers_serial_rivers_room_b, small_statue_intersection,
          roderic_roman_lattice, uniq_sigmund
D:4:      lemuel_castle_with_subvaults [lemuel_castle_interior_carwin_1],
          layout_loops_ring, minmay_misc_feat_enclosed, uniq_pikel
D:5:      layout_layer_cave, nicolae_overflow_hidden_temple
D:6:      layout_loops_ring
D:7:      layout_cave_pools, nzn_wu_jian_contemplation, minitemple,
          minmay_temple_entry_large_hall
D:8:      layout_basic, kennysheep_mini, nicolae_shop_overcharged_wands
D:9:      cheibrodos_helix_gallery, layout_loops_ring, general_overflow_altar,
          minmay_orc_entry_temple_small, gammafunk_ghost_grave,
          minmay_misc_feat_tower, minmay_librarian

Skill      XL: |  1  2  3  4  5  6  7  8  9 10 |
---------------+-------------------------------+-----
Fighting       | 1 2 3 4 6 7 8 |  8.3
Spellcasting   | 4 5 7 8 9 |  9.5
Polearms       | 1 |  1.7
Long Blades    | 1 |  1.4
Dodging        | |  2.1
Stealth        | |  1.6

Action                   |  1- 3 |  4- 6 |  7- 9 | 10-12 || total
-------------------------+-------+-------+-------+-------++-------
Melee: Unarmed           |     4 |       |       |       ||     4
       Dagger            |    20 |       |       |       ||    20
       Club              |     8 |       |       |       ||     8
       Spear             |    11 |    37 |    19 |       ||    67
       Staff             |       |       |    33 |     9 ||    42
       Katana            |       |       |       |    22 ||    22
 Cast: Summon Small Mamm |    71 |       |     3 |     3 ||    77
       Foxfire           |    27 |    65 |    43 |    11 ||   146
       Call Imp          |     3 |     1 |       |       ||     4
       Call Canine Famil |     2 |     1 |       |       ||     3
       Summon Ice Beast  |       |     8 |   144 |    20 ||   172
       Summon Lightning  |       |     2 |     4 |     1 ||     7
       Summon Guardian G |       |     2 |    14 |       ||    16
       Ensorcelled Hiber |       |       |    17 |    13 ||    30
       Fulminant Prism   |       |       |       |     1 ||     1
Evoke: Wand              |       |       |     6 |       ||     6
  Use: Potion            |       |     4 |     2 |     1 ||     7
       Scroll            |       |     5 |     7 |     9 ||    21
 Stab: Distracted        |     1 |       |       |       ||     1
       Sleeping          |       |     1 |     1 |     3 ||     5
Armor: Robe              |    14 |    14 |    44 |    18 ||    90
Dodge: Dodged            |    42 |    22 |    98 |    39 ||   201
       Rpst.: Katana     |       |       |       |     5 ||     5

Table legend: (Time is in decaauts)
 A = Elapsed time spent in this place.
 B = Non-inter-level travel time spent in this place.
 C = Inter-level travel time spent in this place.
 D = Time resting spent in this place.
 E = Time spent auto-exploring this place.
 F = Levels seen in this place.
 G = Mean time per level.
                   A        B        C        D        E       F      G
               +--------+--------+--------+--------+--------+-----+--------+
         Total |  18572 |  18112 |    460 |   3541 |  12090 |   9 | 2063.6 |
       Dungeon |  18572 |  18112 |    460 |   3541 |  12090 |   9 | 2063.6 |
               +--------+--------+--------+--------+--------+-----+--------+

Top non-repeatable levels by time:
     D:4: 3412 daAuts
     D:3: 2728 daAuts
     D:2: 2366 daAuts
     D:1: 2344 daAuts
     D:9: 2102 daAuts
     D:8: 1797 daAuts
     D:5: 1523 daAuts
     D:6: 1194 daAuts
     D:7: 1102 daAuts
